 Dungeon Crawl Stone Soup version 0.28.0-47-ge53b351184 (webtiles) character file.

Game seed: 4903845771696737612

1251 billz999 the Covert (level 8, -9/52 HPs)
             Began as a Vampire Earth Elementalist on Apr 29, 2022.
             Mangled by a yak (13 damage)
             ... on level 6 of the Dungeon.
             The game lasted 00:13:49 (6447 turns).

billz999 the Covert (Vampire Earth Elementalist)    Turns: 6447, Time: 00:13:49

Health: -9/52      AC:  3    Str:  7    XL:     8   Next: 26%
Magic:  13/13      EV: 12    Int: 19    God:
Gold:   287        SH:  5    Dex: 15    Spells: 9/14 levels left

rFire   . . .      SeeInvis +   F - +7 sceptre of Torment {pain, torment}
rCold   . . .      Faith    .   (no shield)
rNeg    . . .      Spirit   .   b - +0 robe
rPois   .          Reflect  +   (no helmet)
rElec   .          Harm     .   j - +0 cloak
rCorr   .          Rampage  .   (no gloves)
Will    +....                   (no boots)
Stlth   ++++......              w - amulet of reflection
HPRegen 0.37/turn               r - ring of willpower
MPRegen 0.13/turn               (no ring)

@: healing quickly
A: alive, fangs 3, see invisible, vampiric 2
a: Exsanguinate


You were on level 6 of the Dungeon.
You visited 1 branch of the dungeon, and saw 6 of its levels.

You collected 287 gold pieces.

Inventory:

Hand Weapons
 e - a +1 dagger
 y - the +9 mace of Causality {spect, rF+ rN+ Int-3}
   (You found it on level 5 of the Dungeon)

   When its wielder attacks, the weapon's spirit leaps out and strikes again.
   The spirit shares a part of any damage it takes with its wielder.
   Int:       It affects your intelligence (-3).
   rF:        It protects you from fire.
   rN:        It protects you from negative energy.
 A - the +7 whip of the Chopping Owl {freeze, rElec}
   (You found it on level 5 of the Dungeon)

   It freezes those it strikes, dealing additional cold damage.
   It can also slow down cold-blooded creatures.
   rElec:     It insulates you from electricity.
 F - the +7 sceptre of Torment (weapon) {pain, torment}
   (You found it on level 6 of the Dungeon)

   In the hands of one skilled in necromantic magic, it inflicts extra damage on
   living creatures.
   It occasionally torments all nearby living foes when it strikes in combat.
Missiles
 c - 67 stones
 k - 6 curare-tipped darts
Armour
 b - a +0 robe (worn)
 j - a +0 cloak (worn)
Magical Staves
 x - a staff of air
Jewellery
 r - a ring of willpower (left hand)
 t - a ring of resist corrosion
 w - an amulet of reflection (around neck)
 z - an amulet of guardian spirit
 E - an amulet of reflection
Wands
 l - a wand of mindburst (3)
 B - a wand of iceblast (7)
Scrolls
 a - a scroll of silence {unknown}
 g - a scroll of enchant weapon
 h - a scroll of fear
 i - a scroll of blinking {unknown}
 o - 3 scrolls of identify {unknown}
 p - 2 scrolls of immolation {unknown}
 q - 2 scrolls of teleportation {unknown}
 u - a scroll of fog {unknown}
 v - a scroll of enchant armour {unknown}
 C - a scroll of amnesia {unknown}
Potions
 d - a potion of haste {unknown}
 f - 2 potions of curing
 m - a potion of resistance {unknown}
 n - a potion of attraction {unknown}
 s - 2 potions of degeneration {unknown}
 D - a potion of magic {unknown}


   Skills:
 - Level 0.1 Fighting
 - Level 2.0 Short Blades
 - Level 2.1 Dodging
 - Level 8.0 Stealth
 - Level 1.1 Unarmed Combat
 + Level 3.5 Spellcasting
 + Level 6.1 Transmutations
 + Level 6.0 Earth Magic


You had 9 spell levels left.
You knew the following spells:

 Your Spells              Type           Power      Damage    Failure   Level
a - Sandblast             Erth           52%        2d12      1%          1
b - Petrify               Tmut/Erth      26%        N/A       12%         4

Your spell library contained the following spells:

 Spells                   Type           Power      Damage    Failure   Level
 Passwall                 Tmut/Erth      21%        N/A       1%          2
 Stone Arrow              Conj/Erth      28%        3d8       13%         3
 Magic Dart               Conj           12%        1d3       14%         1
 Scorch                   Fire           6%         2d5       22%         2
 Searing Ray              Conj           6%         2d4       22%         2
 Dazzling Flash           Conj/Hex       6%         N/A       41%         3
 Flame Wave               Conj/Fire      3%         2d4       82%         4
 Fulminant Prism          Conj/Hex       1%         3d6       82%         4
 Agony                    Necr           3%         N/A       99%         5
 Silence                  Hex/Air        1%         N/A       99%         5
 Summon Cactus Giant      Summ           1%         N/A       100%        6


Dungeon Overview and Level Annotations

Branches:
Dungeon (6/15)
 Temple: D:4-7

Altars:

Shops:
D:4 [


Innate Abilities, Weirdness & Mutations

Your natural rate of healing is accelerated.
You have razor-sharp teeth.
You have supernaturally acute eyesight. (SInv)
You are afflicted with vampirism and can become a bat while bloodless.


Message History

3 yaks come into view.
The yak bellows! x5
Okay, then.
Casting: Sandblast (safe; 1% risk of failure)
Confirm with . or Enter, or press ? or * to list all spells.
Okay, then.
Okay, then.
You puncture the yak!
The yak is moderately wounded.
The yak misses you.
You sock the yak! You bite the yak.
The yak is heavily wounded.
The yak barely misses you. The yak closely misses you.
You closely miss the yak.
The yak is heavily wounded.
The yak gores you!
You hit the yak. You bite the yak.
The yak is heavily wounded.
The yak gores you. The yak barely misses you.
You barely miss the yak.
The yak is heavily wounded.
The yak closely misses you. x2
You puncture the yak!
The yak is almost dead.
You block the yak's attack.
You closely miss the yak.
The yak is severely wounded.
The yak misses you.
You hit the yak. Your bite misses the yak.
The yak is almost dead.
The yak gores you. The yak gores you!
You completely miss the yak. Your bite misses the yak.
The yak is almost dead.
The yak closely misses you. The yak gores you! The yak barely misses you.
You closely miss the yak.
The yak is almost dead.
The yak gores you!
* * * LOW HITPOINT WARNING * * *
The yak gores you!
You die...

........# ........+
........# ........#
...<....#
#+#'########## ...#
#+#..........# Y.Y#
........####.#####.Y.#
...............Y@#...#
.)........##.###Y#.Y.#
...)......#...##Y#YY.#
..........#...##Y#...#
..#+#.....#...).Y....#
..# #.....#....#Y....#
..# #.....#....#.....#
#.# #.....#....#.....#
#.# #.....#..........#


You could see 6 yaks.

Vanquished Creatures
  A water moccasin (D:5)
  A black bear (D:5)
  2 necrophages
  2 ogres
  A phantom (D:5)
  A water moccasin skeleton (D:5)
  A bullfrog zombie (D:5)
  3 hounds
  A centaur zombie (D:5)
  A bullfrog skeleton (D:6)
  3 orc priests
  4 orc wizards
  3 adders
  7 gnolls
  A shadow imp (D:4)
  A worm (D:3)
  3 dart slugs
  14 orcs
  8 ball pythons
  8 endoplasms
  3 giant cockroaches
  12 goblins
  12 hobgoblins
  3 jackals (D:1)
  8 kobolds
  2 quokkas (D:2)
  4 bats
  4 frilled lizards
  8 rats
122 creatures vanquished.

Vanquished Creatures (others)
  6 plants (D:5)
6 creatures vanquished.

Grand Total: 128 creatures vanquished

Notes
Turn   | Place    | Note
-------+----------+-------------------------------------------
     0 | D:1      | billz999 the Vampire Earth Elementalist began the quest for
                  | the Orb.
     0 | D:1      | Reached XP level 1. HP: 13/13 MP: 3/3
   376 | D:1      | Reached skill level 4 in Stealth
   376 | D:1      | Reached XP level 2. HP: 19/19 MP: 5/5
   534 | D:1      | Reached skill level 1 in Unarmed Combat
  1110 | D:1      | Gained mutation: You are afflicted with vampirism and can
                  | become a bat while bloodless. [Vampire growth]
  1110 | D:1      | Reached XP level 3. HP: 24/24 MP: 6/6
  1451 | D:2      | Reached skill level 5 in Stealth
  2616 | D:3      | Reached skill level 6 in Stealth
  2648 | D:3      | Reached XP level 4. HP: 30/30 MP: 4/7
  2696 | D:3      | Reached skill level 7 in Stealth
  3227 | D:4      | Reached XP level 5. HP: 20/35 MP: 0/8
  3249 | D:4      | Reached skill level 8 in Stealth
  3339 | D:4      | Found Ommuteb's Antique Armour Shoppe.
  3373 | D:4      | Reached skill level 1 in Short Blades
  3645 | D:4      | Learned a level 4 spell: Petrify
  3817 | D:4      | Reached XP level 6. HP: 22/41 MP: 4/9
  4101 | D:5      | Entered Level 5 of the Dungeon
  4365 | D:5      | Reached skill level 5 in Transmutations
  4370 | D:5      | Noticed a water moccasin
  4378 | D:5      | HP: 2/41 [water moccasin (6)]
  4383 | D:5      | Killed a water moccasin
  4384 | D:5      | Reached XP level 7. HP: 6/46 MP: 10/10
  4669 | D:5      | Reached skill level 5 in Earth Magic
  5002 | D:5      | Identified the +9 mace of Causality {spect, rF+ rN+ Int-3}
  5513 | D:5      | Identified the +7 whip of the Chopping Owl {freeze, rElec}
  5624 | D:5      | Reached XP level 8. HP: 49/52 MP: 12/12
  6381 | D:6      | Found the +7 sceptre of Torment {pain, torment}
  6447 | D:6      | Mangled by a yak

Illustrated notes

Levels and vault maps discovered:
D:1:      minmay_arrival_diagonal_passages, layout_basic
D:2:      layout_loops_corners
D:3:      layout_loops_ring, chequers_serial_rivers_large_a
D:4:      layout_rooms, serial_shops, nicolae_shop_hallway_stairs
D:5:      corexii_shack_village, layout_layer_cave
D:6:      layout_basic

Skill      XL: |  1  2  3  4  5  6  7  8 |
---------------+-------------------------+-----
Stealth        | 4 6 7 8 |  8.0
Unarmed Combat | 1 |  1.1
Short Blades   | 2 |  2.0
Transmutations | 3 5 6 |  6.1
Earth Magic    | 4 5 6 |  6.0
Spellcasting   | 3 |  3.5
Fighting       | |  0.1
Dodging        | |  2.1

Action                   |  1- 3 |  4- 6 |  7- 9 || total
-------------------------+-------+-------+-------++-------
Melee: Unarmed           |     6 |       |       ||     6
       Dagger            |   144 |   124 |    34 ||   302
       Bite              |    19 |    17 |     9 ||    45
       Punch             |     2 |     3 |     1 ||     6
       Mace              |       |       |    39 ||    39
       Eveningstar       |       |       |    15 ||    15
 Cast: Sandblast         |    17 |    48 |    14 ||    79
 Abil: Exsanguinate      |       |     1 |       ||     1
Evoke: Wand              |       |    13 |     1 ||    14
  Use: Scroll            |       |     1 |     2 ||     3
       Potion            |       |     1 |       ||     1
 Stab: Sleeping          |    15 |     3 |     7 ||    25
       Distracted        |       |       |     1 ||     1
Armor: Robe              |    16 |    25 |    19 ||    60
Dodge: Dodged            |    74 |    73 |    76 ||   223
Block: Other             |       |       |     2 ||     2
